 Dungeon Crawl Stone Soup version 0.31-a0-188-g5e087ee2ca (webtiles) character file.

Game seed: 2507983458186759670

227 qw the Skirmisher (level 5, -3/30 HPs)
             Began as a Deep Elf Hunter on June 23, 2023.
             Slain by a gnoll
             ... wielding a +0 spear
             ... led by a gnoll bouda
              (5 damage)
             ... on level 5 of the Dungeon.
             The game lasted 00:01:06 (3225 turns).

qw the Skirmisher (Deep Elf Hunter)                 Turns: 3225, Time: 00:01:07

Health: -3/30      AC: 11    Str: 16    XL:     5   Next: 70%
Magic:  7/7        EV: 11    Int: 14    God:
Gold:   156        SH:  0    Dex: 18    Spells: 4/4 levels left

rFire   . . .        Y - +1 shortbow
rCold   . . .        (shield currently unavailable)
rNeg    . . .        k - +0 ring mail
rPois   .            o - +2 hat
rElec   .            a - scarf {repulsion}
rCorr   .            (no gloves)
SInv    .            (no boots)
Will    .....        (no amulet)
Stlth   +            g - +4 ring of protection
HPRegen 0.25/turn    l - +6 ring of strength
MPRegen 0.10/turn

%: repel missiles
@: no status effects
A: no striking features
a: no special abilities


You were on level 5 of the Dungeon.
You visited 1 branch of the dungeon, and saw 5 of its levels.

You collected 156 gold pieces.


   Skills:
 - Level 2.0 Fighting
 - Level 9.0 Ranged Weapons
 + Level 2.4 Dodging
 - Level 1.2 Stealth


You had 4 spell levels left.
You didn't know any spells.
Your spell library was empty.

Inventory:

Hand Weapons
 Y - a +1 shortbow (weapon)
Armour
 a - a scarf of repulsion (worn)
 c - a +1 hat
 i - a +0 cloak
 k - a +0 ring mail (worn)
 o - a +2 hat (worn)
Jewellery
 g - a +4 ring of protection (left hand)
 l - a +6 ring of strength (right hand)
Scrolls
 j - a scroll of identify
Potions
 b - a potion of might
 d - a potion of enlightenment {unknown}
 e - a potion of curing
 f - a potion of degeneration {unknown}
 m - a potion of attraction {unknown}

Dungeon Overview and Level Annotations

Branches:
Dungeon (5/15)
 Temple: D:4-7

Altars:
Ashenzari

Portals:
Abyss: D:4

Annotations:
D:4 2 transporters, qw's ghost, amateur DEHu


Message History

The gnoll bouda hits you with a +0 whip.
The iguana barely misses you. The gnoll hits you with a +0 flail.
The gnoll barely misses you. The iguana completely misses you.
The gnoll bouda completely misses you.
You shoot an arrow.
The arrow hits the iguana but does no damage.
The iguana is severely wounded.
The gnoll misses you. The gnoll hits you but does no damage.
The gnoll bouda hits you but does no damage.
The iguana bites you but does no damage.
You shoot an arrow. The arrow hits the iguana.
You kill the iguana!
The gnoll closely misses you.
The gnoll hits you from afar with a +0 spear.
The gnoll bouda hits you but does no damage.
Your Fighting skill increases to level 2!
You shoot an arrow.
The arrow hits the gnoll bouda but does no damage.
The gnoll hits you with a +0 flail.
The gnoll hits you from afar with a +0 spear.
The gnoll bouda hits you with a +0 whip.
You shoot an arrow. The arrow hits the gnoll bouda.
The gnoll bouda is moderately wounded.
The gnoll is no longer moving quickly.
The gnoll misses you. The gnoll closely misses you.
The gnoll bouda hits you but does no damage.
You shoot an arrow.
The arrow hits the gnoll bouda but does no damage.
The gnoll bouda is moderately wounded.
The gnoll hits you but does no damage. The gnoll misses you.
The gnoll bouda closely misses you.
You shoot an arrow. The arrow hits the gnoll bouda!
The gnoll bouda is almost dead.
The gnoll is no longer moving quickly.
The gnoll barely misses you. The gnoll misses you.
The gnoll bouda closely misses you.
You shoot an arrow. The arrow hits the gnoll bouda.
The gnoll bouda is almost dead.
The gnoll hits you with a +0 flail.
The gnoll hits you from afar with a +0 spear.
You die...

.!........
........#.
.........#
.........#
.........#
......g..#
......g%%## #.
.[....g@..##
...#
#..........##
#....#
####.#..#...###
......###
#....###.[..#
#......####...#
##...##
###.#.........#
+#...#
............[##
##..#
>......##.##..##
+#...##
#..#....###..##
##..#..#


You could see a gnoll bouda and 2 gnolls.

Vanquished Creatures
  A hound (D:4)
  An iguana (D:5)
  6 adders
  A gnoll (D:5)
  A white imp (D:5)
  A worm (D:3)
  4 dart slugs
  9 orcs
  6 endoplasms
  A giant cockroach (D:3)
  3 goblins
  6 hobgoblins
  16 jackals
  2 quokkas (D:1)
  3 ball pythons
  3 bats
  3 frilled lizards
  8 kobolds
  3 rats
78 creatures vanquished.

Notes
Turn   | Place    | Note
-------+----------+-------------------------------------------
     0 | D:1      | qw the Deep Elf Hunter began the quest for the Orb.
     0 | D:1      | Reached XP level 1. HP: 12/12 MP: 3/3
     0 | D:1      | 0 ||| qw: Version: 0.3-a-9-g12657ce
     0 | D:1      | 0 ||| qw: Game counter: 3541
     0 | D:1      | 0 ||| qw: Always use a shield: true
     0 | D:1      | 0 ||| qw: God list: Okawaru
     0 | D:1      | 0 ||| qw: Allow faded altars: false
     0 | D:1      | 0 ||| qw: Do Orc after D:15 true
     0 | D:1      | 0 ||| qw: Do second Lair branch before Depths: true
     0 | D:1      | 0 ||| qw: Lair rune preference: random
     0 | D:1      | 0 ||| qw: Plans: Normal
     0 | D:1      | 0 ||| PLANNING D:1-11
    75 | D:1      | Found a faded altar of an unknown god.
   175 | D:1      | Reached XP level 2. HP: 16/16 MP: 4/4
   183 | D:1      | Reached skill level 6 in Ranged Weapons
   297 | D:1      | 297 ||| Stepping ~*~*~tactically~*~*~ (water).
   299 | D:1      | 299 ||| Stepping ~*~*~tactically~*~*~ (water).
   674 | D:1      | 674 ||| UPGRADING to +0 cloak.
   679 | D:1      | 679 ||| READING scroll labelled XALERE CYLEYC.
   680 | D:1      | 680 ||| READING scroll labelled GOECEU XOTU.
   681 | D:1      | 681 ||| READING 2 scrolls labelled EXATEE QANKEL.
   682 | D:1      | 682 ||| DROPPING scroll of butterflies.
   746 | D:2      | HP: 3/16 [poisoned by an adder]
   749 | D:2      | HP: 1/16 [poisoned by an adder]
   752 | D:2      | Reached XP level 3. HP: 2/20 MP: 5/5
  1099 | D:2      | Reached skill level 7 in Ranged Weapons
  1440 | D:2      | Reached XP level 4. HP: 25/25 MP: 6/6
  1492 | D:2      | Found a broken altar of Ashenzari.
  1725 | D:2      | Identified the +1 short sword of the Iron City of Dis
                  | {protect, rElec rPois Str+2 SInv}
  1807 | D:2      | 1807 ||| UPGRADING to scarf of repulsion.
  1817 | D:2      | 1817 ||| UPGRADING to +4 ring of protection.
  1818 | D:2      | 1818 ||| DRINKING 2 orange potions.
  2196 | D:3      | Reached skill level 8 in Ranged Weapons
  2440 | D:3      | 2440 ||| UPGRADING to +0 ring mail.
  2450 | D:3      | 2450 ||| DROPPING +0 leather armour.
  2451 | D:3      | 2451 ||| UPGRADING to +6 ring of strength.
  2452 | D:3      | 2452 ||| READING scroll labelled KIWIUV DEOXY.
  2453 | D:3      | 2453 ||| READING scroll labelled HENUGY VEQEOT.
  2454 | D:3      | 2454 ||| READING 2 scrolls of identify.
  2454 | D:3      | 2454 ||| IDENTIFYING puce potion
  2456 | D:3      | 2456 ||| Stepping ~*~*~tactically~*~*~ (cloud).
  2457 | D:3      | 2457 ||| DRINKING 2 potions of curing.
  2457 | D:3      | 2457 ||| (to cure poison)
  2689 | D:4      | 2689 ||| Stepping ~*~*~tactically~*~*~ (outnumbered).
  2693 | D:4      | 2693 ||| Stepping ~*~*~tactically~*~*~ (outnumbered).
  2700 | D:4      | Reached XP level 5. HP: 29/29 MP: 7/7
  2789 | D:4      | Noticed a small abomination
  2790 | D:4      | Found a transporter.
  2815 | D:4      | Noticed a small abomination
  2817 | D:4      | Found the +8 demon trident "Rift" {distort, reach+}
  2827 | D:4      | Found a transporter.
  2858 | D:4      | Found a one-way gate to the infinite horrors of the Abyss.
  2858 | D:4      | Noticed qw's ghost (amateur DEHu)
  3136 | D:4      | 3136 ||| UPGRADING to +2 hat.
  3141 | D:4      | 3141 ||| READING scroll labelled NOSILY WAPTUBB.
  3142 | D:4      | 3142 ||| DRINKING 2 sedimented brown potions.
  3143 | D:4      | 3143 ||| READING 2 scrolls of identify.
  3143 | D:4      | 3143 ||| IDENTIFYING clear potion
  3144 | D:4      | 3144 ||| DROPPING potion of brilliance.
  3163 | D:5      | Entered Level 5 of the Dungeon
  3209 | D:5      | Reached skill level 9 in Ranged Weapons
  3215 | D:5      | HP: 7/29 [iguana (2)]
  3216 | D:5      | 3216 ||| DRINKING potion of heal wounds.
  3221 | D:5      | HP: 2/30 [gnoll bouda/+0 whip (6)]
  3225 | D:5      | Slain by a gnoll

Levels and vault maps discovered:
D:1:      psy_arrival_spokes, layout_loops_ring, serial_rivers,
          chequers_serial_rivers_micro_d, chequers_serial_rivers_marsh,
          chequers_serial_rivers_micro_a, chequers_serial_rivers_marsh,
          chequers_serial_rivers_room_a, chequers_serial_rivers_small_b,
          ebering_ecumenical_altar_ruins, chequers_garden
D:2:      layout_basic, basic_altar, amcnicky_mini_rare_corridor_liquid,
          corexii_shack, grunt_decor_mini_mirrors
D:3:      layout_loops_ring
D:4:      layout_loops_ring, gammafunk_ghost_abyssal_escape
D:5:      black_bear_nest_2, layout_rooms, nemelex_diamond_rough_becter,
          minmay_fire_ice_demons

Skill      XL: |  1  2  3  4  5 |
---------------+----------------+-----
Ranged Weapons | 6 7 8 9 |  9.0
Fighting       | 2 |  2.0
Dodging        | |  2.4
Stealth        | |  1.2

Action                     |  1- 3 |  4- 6 || total
---------------------------+-------+-------++-------
   Fire: Shortbow          |    94 |   134 ||   228
    Use: Scroll            |     3 |     5 ||     8
         Potion            |       |     4 ||     4
 Armour: Leather armour    |    10 |     8 ||    18
         Ring mail         |       |    22 ||    22
  Dodge: Dodged            |    21 |    50 ||    71

Table legend:
 A = Non-vault XP
 B = Vault XP
 C = Vault XP percentage of total XP
 D = Non-vault monster count
 E = Vault monster count
 F = Vault count percentage of total count
                 A         B        C        D         E       F
            +---------+---------+-------+---------+---------+-------
      Total |     323 |       2 |   0.6 |      77 |       1 |   1.3
            +---------+---------+-------+---------+---------+-------
        D:1 |      39 |       0 |   0.0 |      20 |       0 |   0.0
        D:2 |      79 |       2 |   2.5 |      18 |       1 |   5.3
        D:3 |      47 |       0 |   0.0 |      18 |       0 |   0.0
        D:4 |      93 |       0 |   0.0 |      16 |       0 |   0.0
        D:5 |      65 |       0 |   0.0 |       5 |       0 |   0.0
            +---------+---------+-------+---------+---------+-------
